 Dungeon Sprint DCSS version 0.24.0-123-gd5b16e6ec5 (webtiles) character file.

Game seed: 655629425838503940, levelgen mode: deterministic

44925 Groucho the Acrobat (level 13, -1/79 HPs)
             Began as a Spriggan Enchanter on Jan 12, 2020.
             Was the Champion of Dithmenos.
             Slain by a deep elf blademaster
             ... wielding a +0 short sword
              (8 damage)
             ... in the Dungeon (Sprint VII: "The Pits").
             The game lasted 00:43:27 (6770 turns).

Groucho the Acrobat (Spriggan Enchanter)            Turns: 6770, Time: 00:43:28

Health: -1/79      AC:  6    Str:  8    XL:     13   Next: 98%
Magic:  14/36      EV: 36    Int: 23    God:    Dithmenos [******]
Gold:   64         SH:  0    Dex: 17    Spells: 36/48 levels left

rFire    + + .     SeeInvis +   r - +2 rapier (elec)
rCold    . . .     Gourm    .   (shield restricted)
rNeg     + + .     Faith    .   H - +1 robe of Mysticism {rElec rF++} (curse)
rPois    +         Spirit   .   C - +2 hat {Int+3}
rElec    +         Reflect  .   E - +0 cloak {rPois}
rCorr    .         Harm     .   (gloves unavailable)
MR       +++..     NoTele   +   (boots unavailable)
Stlth    ++++++++++             (no amulet)
HPRegen  0.23/turn              o - +3 ring of intelligence
MPRegen  0.25/turn              w - ring of Coupap {+Fly rN++ MR+}

@: very slightly contaminated, wreathed by umbra, studying Polearms, very quick
A: very small, unfitting armour, see invisible, herbivore, speed 3, slow
metabolism 2
a: Shadow Step, Shadow Form, Renounce Religion, Evoke Flight


You were in the Dungeon.
You worshipped Dithmenos.
Dithmenos was exalted by your worship.
You were not hungry.

You visited 1 branch You collected 64 gold pieces.

Inventory:

Hand Weapons
 f - a +5 quick blade
 r - a +2 rapier of electrocution (weapon)
 t - a +2 vampiric dagger
Missiles
 e - 9 stones (quivered)
Armour
 s - a +0 robe of positive energy
 C - a +2 hat of intelligence (worn)
 D - +3 shadow dragon scales
 E - a +0 cloak of poison resistance (worn)
 F - a +1 cloak
 G - +2 acid dragon scales
 H - the cursed +1 robe of Mysticism (worn) {rElec rF++}
   (You found it in the Dungeon)

   It greatly protects you from fire.
   It insulates you from electricity.
   It has a curse placed upon it.
Jewellery
 c - an uncursed ring of protection from fire
 o - a +3 ring of intelligence (left hand)
 p - a +3 ring of protection
 v - an uncursed ring of protection from magic
 w - the ring of Coupap (right hand) {+Fly rN++ MR+}
   (You found it in the Dungeon)

   [ring of protection from magic]

   It greatly protects you from negative energy.
   It affects your resistance to hostile enchantments.
   It lets you fly.
Scrolls
 b - 4 scrolls of identify
 j - a scroll of blinking
 k - 4 scrolls of remove curse
 l - 5 scrolls of amnesia
 m - a scroll of summoning
 u - 4 scrolls of fog
 y - a scroll of fear
 A - 2 scrolls of enchant armour
Potions
 a - 2 potions of invisibility
 g - 3 potions of haste
 h - 3 potions of magic
 i - 3 potions of berserk rage
 n - 9 potions of curing
 q - 3 potions of mutation
 x - a potion of resistance
 z - 2 potions of might
 B - a potion of cancellation {unknown}
Books
 I - a manual of Polearms
Comestibles
 d - 7 rations


   Skills:
 + Level 14.0 Fighting
 - Level 18.1 Short Blades
 + Level 3.2 Armour
 + Level 23.0 Dodging
 - Level 21.7 Stealth
 - Level 18.1 Spellcasting
 - Level 14.1 Hexes


You had 36 spell levels left.
You knew the following spells:

 Your Spells              Type           Power        Failure   Level  Hunger
a - Corona                Hex            ######.      0%          1    None
b - Ensorcelled Hibernat  Hex/Ice        ######       1%          2    None
c - Confuse               Hex            ######..     1%          3    None
d - Dazzling Spray        Conj/Hex       ######       1%          3    None
e - Tukima's Dance        Hex            ######..     1%          3    None

Your spell library contained the following spells:

 Spells                   Type           Power        Failure   Level  Hunger
 Slow                     Hex            ######..     0%          2    None
 Inner Flame              Hex/Fire       ######..     1%          3    None
 Portal Projectile        Hex/Tloc       ######       1%          3    None
 Summon Guardian Golem    Hex/Summ       ######..     1%          3    None
 Cause Fear               Hex            ######....   1%          4    None
 Leda's Liquefaction      Hex/Erth       ######....   1%          4    None
 Flame Tongue             Conj/Fire      ###..        2%          1    None
 Sandblast                Erth           ###...       2%          1    None
 Sting                    Conj/Pois      ###.         2%          1    None
 Summon Butterflies       Summ           ###.....     2%          1    None
 Call Imp                 Summ           ###.....     3%          2    None
 Passwall                 Tmut/Erth      ###.....     3%          2    None
 Poisonous Vapours        Pois/Air       ###...       3%          2    None
 Summon Mana Viper        Hex/Summ       ######..     3%          5    None
 Call Canine Familiar     Summ           ###.....     8%          3    None
 Conjure Flame            Conj/Fire      ###.....     8%          3    None
 Mephitic Cloud           Conj/Pois/Air  ###.....     8%          3    None
 Recall                   Summ/Tloc      N/A          8%          3    None
 Stone Arrow              Conj/Erth      ###...       8%          3    None
 Petrify                  Tmut/Erth      ###.....     24%         4    None
 Sticky Flame             Conj/Fire      ###.....     24%         4    None
 Summon Ice Beast         Ice/Summ       ###.....     24%         4    None
 Aura of Abjuration       Summ           ###.......   56%         5    None
 Blade Hands              Tmut           ###.......   56%         5    None
 Fireball                 Conj/Fire      ###.......   56%         5    None
 Lee's Rapid Deconstruct  Erth           ###.......   56%         5    None
 Lightning Bolt           Conj/Air       ###.......   56%         5    None
 Summon Demon             Summ           ###.......   56%         5    None
 Summon Forest            Summ/Tloc      ###.......   56%         5    None
 Bolt of Fire             Conj/Fire      ###.......   98%         6    ####...
 Conjure Ball Lightning   Conj/Air       ###.......   98%         6    ####...
 Freezing Cloud           Conj/Ice/Air   ###.......   98%         6    ####...
 Poison Arrow             Conj/Pois      ###.......   98%         6    ####...
 Shadow Creatures         Summ           N/A          98%         6    ####...
 Dragon Form              Tmut           ###.......   100%        7    #####..
 Ring of Flames           Chrm/Fire      ###.......   100%        7    #####..
 Summon Hydra             Summ           ###.......   100%        7    #####..
 Chain Lightning          Conj/Air       ###.......   100%        8    #######
 Lehudib's Crystal Spear  Conj/Erth      ###.......   100%        8    #######
 Dragon's Call            Summ           ###.......   100%        9    #######
 Fire Storm               Conj/Fire      ###.......   100%        9    #######
 Glaciate                 Conj/Ice       ###.......   100%        9    #######


Dungeon Overview and Level Annotations

Branches:
Dungeon (1/1)

Altars:
Ashenzari
Cheibriados
Dithmenos
Elyvilon
Fedhas
Gozag
Hepliaklqana
Kikubaaqudgha
Makhleb
Nemelex Xobeh
Okawaru
Qazlal
Ru
Sif Muna
Trog
Uskayaw
Vehumet
Wu Jian
Xom
Yredelemnul
Zin
The Shining One
Beogh
Jiyva
Lugonu


Innate Abilities, Weirdness & Mutations

You are very small and have problems with some larger weapons.
You are too small for most types of armour.
You have supernaturally acute eyesight. (SInv)
You are a herbivore.
You cover ground extremely quickly.
You need to consume almost no food.


Message History

Okay, then.
Casting: Ensorcelled Hibernation (safe; 1% risk of failure)
Confirm with . or Enter, or press ? or * to list all spells.
Aiming: Confuse (safe; 1% risk of failure)
Press: ? - help, Shift-Dir - straight line, f - deep elf blademaster
Aim: a deep elf blademaster, wielding two +0 short swords and wearing a +0 leather armour (umbra, chance to defeat MR: 7%)
Okay, then.
Casting: Confuse (safe; 1% risk of failure)
Confirm with . or Enter, or press ? or * to list all spells.
Aiming: Dazzling Spray (safe; 1% risk of failure)
Press: ? - help, Shift-Dir - straight line, f - deep elf blademaster
Aim: a deep elf blademaster, wielding two +0 short swords and wearing a +0 leather armour (umbra)
The spray of energy hits the deep elf blademaster!
The deep elf blademaster is lightly wounded.
Your shadow mimicks your spell!
The shadow shard hits the deep elf blademaster!
The deep elf blademaster hits you with a +0 short sword!
* * * LOW HITPOINT WARNING * * *
The deep elf blademaster hits you with a +0 short sword!
You die...

#..############# #..#))'...'.)#((
#e.#))#...#))#.( #########
#).####...###### ....##..#
#..#.........#.. ...)##..#
#..#.........).. ....''..#
#(.#.........#.(
....''..##########).##'###'##.###
....##.......(..@e(.#))))#))#.#((
....##..............#))))#))#.'((
#################################
#### ##########################
...# #.........##.....'...'...#
...# ##†......###[...(##.##.}.#
..## ####...###########...#####
'## ###......'..##..##.......##
..###....##'##.....##.........##


You could see a deep elf blademaster.

Vanquished Creatures
  A lich (D)
  A sphinx (D)
  Gastronok (D)
  A shadow dragon (D)
  2 orc warlords (D)
  A deep elf sorcerer (D)
  A draconian annihilator (D)
  A black draconian (D)
  4 deep elf demonologists (D)
  A lorocyproca (D)
  A purple draconian (D)
  A deep elf death mage (D)
  2 yaktaur captains (D)
  3 vault guards (D)
  An anaconda (D)
  A hydra (D)
  2 naga warriors (D)
  A death knight (D)
  An alligator snapping turtle (D)
  An ogre mage (D)
  2 orc high priests (D)
  2 deep elf knights (D)
  A wizard (D)
  2 unseen horrors (D)
  A deep troll (D)
  A spriggan druid (D)
  8 orc knights (D)
  2 orc sorcerers (D)
  A manticore (D)
  A deep elf mage (D)
  An elephant (D)
  A naga mage (D)
  A kobold demonologist (D)
  A spiny frog (D)
  4 yaktaurs (D)
  A rime drake (D)
  2 freezing wraiths (D)
  An ice devil (D)
  2 efreet (D)
  A troll (D)
  A hornet (D)
  A wandering mushroom (D)
  Prince Ribbit (D)
  5 blink frogs (D)
  A hippogriff (D)
  A redback (D)
  A flying skull (D)
  A wraith (D)
  A shadow (D)
  2 water elementals (D)
  A tarantella (D)
  A basilisk (D)
  A hungry ghost (D)
  A steam dragon (D)
  A warg (D)
  A soldier ant (D)
  3 floating eyes (D)
  An ice beast (D)
  5 orc warriors (D)
  2 swamp drakes (D)
  A sky beast (D)
  A black bear (D)
  A centaur (D)
  A gnoll sergeant (D)
  9 wights (D)
  A jelly (D)
  3 orc wizards (D)
  An orc priest (D)
  An iron imp (D)
  An iguana (D)
  4 gnolls (D)
  A river rat (D)
  2 white imps (D)
  An ufetubus (D)
  2 oozes (D)
  An adder skeleton (D)
  A worm (D)
  An adder simulacrum (D)
  2 leopard geckos (D)
  7 orcs (D)
  A bat skeleton (D)
  A goblin (D)
  6 jackals (D)
  A ball python (D)
  2 frilled lizards (D)
  A quokka zombie (D)
  A rat (D)
151 creatures vanquished.

Vanquished Creatures (collateral kills)
  A naga warrior (D)
1 creature vanquished.

Vanquished Creatures (others)
  A vampire mage (D)
1 creature vanquished.

Grand Total: 153 creatures vanquished

Notes
Turn   | Place    | Note
-------+----------+-------------------------------------------
     0 | D        | Groucho the Spriggan Enchanter began the quest for the Orb.
     0 | D        | Reached XP level 1. HP: 9/9 MP: 5/5
    18 | D        | Reached skill level 5 in Stealth
    49 | D        | Found a bloodstained altar of Trog.
    49 | D        | Found a shimmering blue altar of Sif Muna.
    49 | D        | Found a viscous altar of Jiyva.
    49 | D        | Found a hazy altar of Hepliaklqana.
    49 | D        | Found an opulent altar of Gozag.
    50 | D        | Found a glowing golden altar of the Shining One.
    50 | D        | Found a glowing silver altar of Zin.
    50 | D        | Found a basalt altar of Yredelemnul.
    50 | D        | Found a shimmering altar of Xom.
    50 | D        | Found an ornate altar of the Wu Jian Council.
    50 | D        | Found a sacrificial altar of Ru.
    50 | D        | Found a stormy altar of Qazlal.
    50 | D        | Found an iron altar of Okawaru.
    50 | D        | Found a sparkling altar of Nemelex Xobeh.
    50 | D        | Found a burning altar of Makhleb.
    50 | D        | Found a blossoming altar of Fedhas.
    50 | D        | Found a white marble altar of Elyvilon.
    50 | D        | Found a shadowy altar of Dithmenos.
    50 | D        | Found a snail-covered altar of Cheibriados.
    51 | D        | Found a radiant altar of Vehumet.
    51 | D        | Found a corrupted altar of Lugonu.
    51 | D        | Found a roughly hewn altar of Beogh.
    52 | D        | Found an ancient bone altar of Kikubaaqudgha.
    52 | D        | Found a hide-covered altar of Uskayaw.
    52 | D        | Found a shattered altar of Ashenzari.
    58 | D        | Became a worshipper of Dithmenos the Shadowed
    72 | D        | Noticed a floating eye
    79 | D        | Paralysed by a floating eye for 4 turns
    85 | D        | Paralysed by a floating eye for 3 turns
    91 | D        | Paralysed by a floating eye for 4 turns
    99 | D        | Killed a floating eye
    99 | D        | Reached skill level 10 in Stealth
    99 | D        | Reached XP level 2. HP: 13/13 MP: 6/10
    99 | D        | Reached XP level 3. HP: 16/16 MP: 6/11
    99 | D        | Reached XP level 4. HP: 21/21 MP: 7/13
   456 | D        | Reached * piety under Dithmenos
   463 | D        | Learned a level 2 spell: Ensorcelled Hibernation
   464 | D        | Noticed a floating eye
   464 | D        | Noticed a floating eye
   491 | D        | Learned a level 3 spell: Confuse
   508 | D        | Learned a level 3 spell: Dazzling Spray
   530 | D        | Killed a floating eye
   530 | D        | Reached ** piety under Dithmenos
   530 | D        | Reached XP level 5. HP: 24/24 MP: 10/15
   531 | D        | Killed a floating eye
   531 | D        | Reached XP level 6. HP: 28/28 MP: 11/18
   730 | D        | Noticed Prince Ribbit
   749 | D        | Reached skill level 15 in Stealth
   768 | D        | Reached *** piety under Dithmenos
   781 | D        | Reached XP level 7. HP: 20/32 MP: 9/20
   783 | D        | Reached **** piety under Dithmenos
   791 | D        | Killed Prince Ribbit
   791 | D        | Reached skill level 10 in Spellcasting
   791 | D        | Reached skill level 10 in Hexes
   824 | D        | Reached ***** piety under Dithmenos
  1133 | D        | Noticed a hornet
  1135 | D        | Killed a hornet
  1135 | D        | Reached XP level 8. HP: 36/36 MP: 21/23
  1137 | D        | Noticed a flying skull
  1139 | D        | Killed a flying skull
  1157 | D        | Learned a level 3 spell: Tukima's Dance
  1157 | D        | Noticed an unseen horror
  1181 | D        | Reached ****** piety under Dithmenos
  1206 | D        | Killed an unseen horror
  1206 | D        | Reached XP level 9. HP: 22/39 MP: 10/26
  1643 | D        | Noticed a deep troll
  1660 | D        | Killed a deep troll
  1660 | D        | Reached skill level 5 in Dodging
  1669 | D        | Reached skill level 6 in Dodging
  1823 | D        | Noticed an orc high priest
  1823 | D        | Noticed an orc sorcerer
  1829 | D        | Noticed an orc sorcerer
  1829 | D        | Noticed a five-headed hydra
  1831 | D        | Killed a five-headed hydra
  1831 | D        | Reached skill level 5 in Short Blades
  1831 | D        | Reached skill level 7 in Dodging
  1836 | D        | Killed an orc sorcerer
  1836 | D        | Reached skill level 8 in Dodging
  1836 | D        | Reached XP level 10. HP: 42/44 MP: 21/28
  1865 | D        | Noticed a deep elf mage
  1867 | D        | Noticed a spriggan druid
  1871 | D        | Killed a deep elf mage
  1873 | D        | Reached skill level 9 in Dodging
  1875 | D        | Killed a spriggan druid
  2065 | D        | Noticed an elephant
  2069 | D        | Killed an elephant
  2069 | D        | Reached skill level 1 in Fighting
  2069 | D        | Reached skill level 10 in Dodging
  2083 | D        | Noticed an unseen horror
  2085 | D        | Killed an unseen horror
  2088 | D        | Reached skill level 11 in Dodging
  2138 | D        | Noticed an alligator snapping turtle
  2151 | D        | Noticed an anaconda
  2172 | D        | Killed an alligator snapping turtle
  2188 | D        | Reached skill level 12 in Dodging
  2188 | D        | Reached skill level 15 in Spellcasting
  2190 | D        | Killed an anaconda
  2190 | D        | Reached XP level 11. HP: 46/54 MP: 15/31
  2422 | D        | Noticed an orc high priest
  2430 | D        | Noticed a sixfirhy
  2493 | D        | Reached skill level 5 in Fighting
  2637 | D        | Reached skill level 10 in Short Blades
  2714 | D        | Reached skill level 13 in Dodging
  2879 | D        | Killed an orc high priest
  3157 | D        | Got the ring of Coupap {+Fly rN++ MR+}
  3259 | D        | Killed an orc sorcerer
  3261 | D        | Noticed a sun demon
  3286 | D        | Reached skill level 14 in Dodging
  3335 | D        | Killed an orc high priest
  4034 | D        | Reached skill level 15 in Dodging
  4447 | D        | Noticed Gastronok
  4447 | D        | Noticed a death knight
  4450 | D        | Killed Gastronok
  4450 | D        | Reached XP level 12. HP: 65/65 MP: 32/34
  4453 | D        | Killed a death knight
  4453 | D        | Reached skill level 16 in Dodging
  4506 | D        | Noticed an orc warlord
  4506 | D        | Noticed an orc warlord
  4541 | D        | Killed an orc warlord
  4562 | D        | Reached skill level 17 in Dodging
  5068 | D        | Killed an orc warlord
  5068 | D        | Reached skill level 10 in Fighting
  5068 | D        | Reached skill level 18 in Dodging
  5101 | D        | Noticed a naga warrior
  5122 | D        | Noticed a vault guard
  5122 | D        | Noticed a naga warrior
  5122 | D        | Noticed a shadow dragon
  5126 | D        | Noticed a vault guard
  5139 | D        | Killed a vault guard
  5296 | D        | Killed a naga warrior
  5425 | D        | Killed a shadow dragon
  5425 | D        | Reached skill level 15 in Short Blades
  5425 | D        | Reached skill level 19 in Dodging
  5459 | D        | Killed a vault guard
  5459 | D        | Reached XP level 13. HP: 61/74 MP: 21/36
  5739 | D        | Found the +3 pair of gauntlets of War {Slay+5}
  5772 | D        | Got the cursed +1 robe of Mysticism {rElec rF++}
  5862 | D        | Reached skill level 20 in Dodging
  5865 | D        | Noticed a lorocyproca
  6050 | D        | Killed a lorocyproca
  6318 | D        | Noticed a black draconian
  6318 | D        | Noticed a deep elf demonologist
  6320 | D        | Noticed a sphinx
  6321 | D        | Killed a deep elf demonologist
  6322 | D        | Noticed a deep elf demonologist
  6322 | D        | Noticed a lich
  6322 | D        | Noticed a deep elf demonologist
  6322 | D        | Noticed a deep elf sorcerer
  6323 | D        | Killed a sphinx
  6323 | D        | Reached skill level 21 in Dodging
  6325 | D        | Killed a deep elf demonologist
  6327 | D        | Noticed a yellow draconian annihilator
  6327 | D        | Noticed a deep elf death mage
  6328 | D        | Killed a lich
  6331 | D        | Noticed a deep elf demonologist
  6386 | D        | Killed a yellow draconian annihilator
  6477 | D        | Noticed a purple draconian
  6486 | D        | Killed a deep elf death mage
  6486 | D        | Reached skill level 22 in Dodging
  6499 | D        | Killed a purple draconian
  6559 | D        | Killed a deep elf sorcerer
  6642 | D        | Killed a black draconian
  6642 | D        | Reached skill level 1 in Armour
  6648 | D        | Noticed a blizzard demon
  6651 | D        | Killed a deep elf demonologist
  6658 | D        | Got Xumepp's Compendium of the Blaze
  6680 | D        | Got the Compendium of the Escort
  6689 | D        | Got Yqeygoh's Grimoire of Excruciating Transmigration
  6691 | D        | Noticed a deep elf blademaster
  6692 | D        | Noticed a white draconian shifter
  6693 | D        | Killed a deep elf demonologist
  6709 | D        | Reached skill level 23 in Dodging
  6717 | D        | Noticed a deep elf demonologist
  6770 | D        | Slain by a deep elf blademaster

Levels and vault maps discovered:
D:        pitsprint [storerooms_1, entrance_room_1, metal_vault_2, armoury_2,
          mini_pit_1, grid_room_1, main_hall_1, silver_pit, the_coven_3,
          the_vestibule_1, steel_vault_5, golden_pit, hallway_of_sentries,
          crystal_vault_3, iron_vault_4, final_vault]

Skill      XL: |  1  2  3  4  5  6  7  8  9 10 11 12 13 |
---------------+----------------------------------------+-----
Stealth        | 10 13 14 15 18 20 21 | 21.7
Spellcasting   | 6 7 8 9 10 12 13 15 17 18 | 18.1
Hexes          | 6 7 8 9 11 12 13 14 | 14.1
Short Blades   | 5 9 12 15 18 | 18.1
Dodging        | 8 12 15 19 23 | 23.0
Fighting       | 4 8 11 14 | 14.0
Armour         | 3 |  3.2

Action                   |  1- 3 |  4- 6 |  7- 9 | 10-12 | 13-15 || total
-------------------------+-------+-------+-------+-------+-------++-------
Melee: Dagger            |    20 |    33 |    25 |       |       ||    78
       Rapier            |       |       |     6 |   145 |    48 ||   199
Throw: Stone             |       |       |     1 |       |     1 ||     2
 Cast: Confuse           |       |     9 |     4 |    13 |     6 ||    32
       Ensorcelled Hiber |       |     4 |    21 |    91 |    22 ||   138
       Dazzling Spray    |       |       |       |    21 |    28 ||    49
       Tukima's Dance    |       |       |       |     1 |       ||     1
Invok: Shadow Step       |       |     1 |     1 |    17 |     6 ||    25
  Use: Potion            |     1 |     2 |     1 |    12 |     2 ||    18
       Scroll            |       |       |       |     1 |     1 ||     2
 Stab: Sleeping          |       |     7 |    20 |    71 |    12 ||   110
       Confused          |       |     5 |     4 |     8 |     5 ||    22
       Distracted        |       |       |     1 |       |     1 ||     2
       Invisible         |       |       |       |     7 |     6 ||    13
  Eat: Ration            |       |       |       |     2 |       ||     2
Armor: Robe              |     1 |       |     1 |     6 |       ||     8
Dodge: Dodged            |    16 |    23 |    21 |   215 |    60 ||   335
